 Dungeon Crawl Stone Soup version 0.27-a0-1525-g1038ab4fd7 (webtiles) character file.

Game seed: 4163085748520925111

35 lizzyelune the Grave Robber (level 3, -1/26 HPs)
             Began as a Ghoul Necromancer on July 10, 2021.
             Was an Initiate of Ru.
             Slain by a sky beast (5 damage)
             ... on level 4 of the Dungeon on July 11, 2021.
             The game lasted 00:22:34 (1236 turns).

lizzyelune the Grave Robber (Ghoul Necromancer)     Turns: 1236, Time: 00:22:34

Health: -1/26      AC:  3    Str: 11    XL:     3   Next: 33%
Magic:  1/4        EV: 12    Int: 11    God:    Ru [......]
Gold:   40         SH:  0    Dex:  9    Spells: 3/5 levels left

rFire    . . .     SeeInvis .   b - +0 mace
rCold    + . .     Faith    .   (no shield)
rNeg     + + +     Spirit   .   a - +1 robe
rPois    ∞         Reflect  .   (no helmet)
rElec    .         Harm     .   (no cloak)
rCorr    .         Rampage  .   (no gloves)
Will     .....                  (no boots)
Stlth    ++........             (no amulet)
HPRegen  0.00/turn              (no ring)
MPRegen  0.09/turn              (no ring)

@: no status effects
A: claws 1, cold resistance 1, negative energy resistance 3, inhibited
regeneration, torment resistance 2
a: Renounce Religion, Sacrifice an Eye, Sacrifice a Hand, Sacrifice Resistance,
Reject Sacrifices


You were on level 4 of the Dungeon.
You worshipped Ru.
Ru was noncommittal.
You visited 1 branch of the dungeon, and saw 4 of its levels.

You collected 40 gold pieces.

Inventory:

Hand Weapons
 b - a +0 mace (weapon)
 d - a +0 morningstar
 f - a +0 club
Armour
 a - a +1 robe (worn)
 c - a +0 robe


   Skills:
 + Level 2.2 Dodging
 + Level 2.2 Stealth
 + Level 1.9 Spellcasting
 + Level 4.7 Necromancy


You had 3 spell levels left.
You knew the following spells:

 Your Spells              Type           Power      Damage    Failure   Level
a - Pain                  Necr           44%        1d6       4%          1
b - Animate Skeleton      Necr           22%        N/A       4%          1

Your spell library contained the following spells:

 Spells                   Type           Power      Damage    Failure   Level
 Vampiric Draining        Necr           5%         2d6       13%         3
 Sting                    Tmut/Pois      4%         1d3       30%         1
 Poisonous Vapours        Pois/Air       2%         N/A       41%         2
 Animate Dead             Necr           5%         N/A       38%         4
 Agony                    Necr           11%        N/A       75%         5
 Olgreb's Toxic Radiance  Pois           1%         N/A       96%         4


Dungeon Overview and Level Annotations

Branches:
Dungeon (4/15)
 Temple: D:4-7

Altars:
Ru


Innate Abilities, Weirdness & Mutations

You thrive by killing the living.
You are immune to poison.
You have sharp fingernails.
Your flesh is cold resistant. (rC+)
You are immune to negative energy. (rN+++)
You do not regenerate when monsters are visible.
You are immune to unholy pain and torment.


Message History

The sky beast hits you but does no damage.
Your goblin skeleton misses the sky beast.
You barely miss the sky beast.
The sky beast is lightly wounded.
The sky beast hits you but does no damage.
Your goblin skeleton hits the sky beast but does no damage.
You hit the sky beast.
The sky beast is moderately wounded.
The sky beast hits you but does no damage.
Your goblin skeleton closely misses the sky beast.
The sky beast hits you. The sky beast shocks you.
You barely miss the sky beast.
The sky beast is moderately wounded.
Your goblin skeleton hits the sky beast but does no damage.
The sky beast closely misses you.
Aiming: Pain (safe; 4% risk of failure)
Press: ? - help, Q - select action, (/) - cycle Shift-Dir - straight line, f/p - sky beast
Aim: a sky beast (moderately wounded, ally target, chance to affect: 66%)
The sky beast writhes in agony.
Your goblin skeleton barely misses the sky beast.
The sky beast hits you. The sky beast shocks you.
Aiming: Pain (safe; 4% risk of failure)
Press: ? - help, Q - select action, (/) - cycle Shift-Dir - straight line, f/p - sky beast
Aim: a sky beast (moderately wounded, ally target, chance to affect: 66%)
The sky beast writhes in agony.
Your goblin skeleton barely misses the sky beast.
The sky beast hits you. The sky beast shocks you.
* * * LOW HITPOINT WARNING * * *
It was a potion of curing.
You feel better. The sky beast closely misses you.
Your goblin skeleton hits the sky beast but does no damage.
The sky beast closely misses you.
Your goblin skeleton closely misses the sky beast.
Your goblin skeleton hits the sky beast.
The sky beast hits you. The sky beast shocks you.
Your goblin skeleton hits the sky beast but does no damage.
Your goblin skeleton crumbles into dust!
The sky beast hits you.
* * * LOW HITPOINT WARNING * * *
The sky beast shocks you.
You die...

#...#............#
#...#............#
.########'#............#
..................##'###
..................#...#
..................#...#
..................'...#
.........Y........#...#
.........@........#...#
..................#...#
.########.>.......#...#
#.........#...#
#.........#...#
#.........#...#
#.........#...#
.........#######
..........#


You could see a sky beast.

Vanquished Creatures
  An adder (D:3)
  A dart slug (D:4)
  4 ball pythons
  A bat (D:1)
  4 endoplasms
  A giant cockroach (D:4)
  A goblin (D:4)
  4 jackals (D:2)
  A frilled lizard (D:1)
  A kobold (D:3)
  A rat (D:1)
20 creatures vanquished.

Vanquished Creatures (others)
  4 toadstools (D:1)
4 creatures vanquished.

Grand Total: 24 creatures vanquished

Notes
Turn   | Place    | Note
-------+----------+-------------------------------------------
     0 | D:1      | lizzyelune the Ghoul Necromancer began the quest for the
                  | Orb.
     0 | D:1      | Reached XP level 1. HP: 14/14 MP: 2/2
   262 | D:1      | Found a faded altar of an unknown god.
   280 | D:1      | Became a worshipper of Ru the Awakened
   312 | D:2      | Reached XP level 2. HP: 20/20 MP: 0/3
   906 | D:3      | Reached XP level 3. HP: 26/26 MP: 0/4
  1027 | D:4      | Learned a level 1 spell: Animate Skeleton
  1216 | D:4      | Noticed a sky beast
  1236 | D:4      | Slain by a sky beast

Illustrated notes

Levels and vault maps discovered:
D:1:      lemuel_arrival_funnel, layout_loops_corners,
          dreamdust_ecumenical_altar_statues, minmay_gold_behind_fungi
D:2:      layout_basic, hangedman_decor_riveting
D:3:      layout_loops_ring, serial_rivers, chequers_serial_rivers_marsh,
          chequers_serial_rivers_small_b, chequers_serial_rivers_large_b,
          chequers_serial_rivers_micro_b
D:4:      layout_gridville, uniq_crazy_yiuf_cottage, uniq_pikel

Skill      XL: |  1  2 |
---------------+-------+-----
Dodging        | 2 |  2.2
Stealth        | |  2.2
Spellcasting   | |  1.9
Necromancy     | |  4.7

Action                   || total
-------------------------++-------
Melee: Mace              ||    39
       Unarmed           ||     2
 Cast: Pain              ||    26
       Animate Skeleton  ||     1
  Use: Scroll            ||     2
       Potion            ||     1
 Stab: Sleeping          ||     1
Armor: Robe              ||    12
Dodge: Dodged            ||    28

Table legend: (Time is in decaauts)
 A = Elapsed time spent in this place.
 B = Non-inter-level travel time spent in this place.
 C = Inter-level travel time spent in this place.
 D = Time resting spent in this place.
 E = Time spent auto-exploring this place.
 F = Levels seen in this place.
 G = Mean time per level.
                   A        B        C        D        E       F      G
               +--------+--------+--------+--------+--------+-----+--------+
         Total |   1250 |   1248 |      2 |    600 |      0 |   4 |  312.5 |
       Dungeon |   1250 |   1248 |      2 |    600 |      0 |   4 |  312.5 |
               +--------+--------+--------+--------+--------+-----+--------+

Top non-repeatable levels by time:
     D:2: 539 daAuts
     D:1: 306 daAuts
     D:4: 225 daAuts
     D:3: 179 daAuts
